 Dungeon Crawl Stone Soup version 0.29-a0-90-gc37658a0fe (webtiles) character file.

Game seed: 5944379909763335320

60 enile the Sneak (level 3, 0/31 HPs)
             Began as a Demigod Wanderer on Feb 6, 2022.
             Slain by an adder (6 damage)
             ... on level 2 of the Dungeon.
             The game lasted 00:04:41 (2737 turns).

enile the Sneak (Demigod Wanderer)                  Turns: 2737, Time: 00:04:42

Health: 0/31       AC:  7    Str: 19    XL:     3   Next: 55%
Magic:  5/5        EV: 10    Int: 12    God:
Gold:   49         SH:  0    Dex: 15    Spells: 2/2 levels left

rFire   . . .      SeeInvis .   b - +0 short sword
rCold   . . .      Faith    .   (no shield)
rNeg    . . .      Spirit   .   m - +0 scale mail
rPois   .          Reflect  .   e - +0 helmet
rElec   .          Harm     .   (no cloak)
rCorr   .          Rampage  .   (no gloves)
Will    .....                   (no boots)
Stlth   +.........              (no amulet)
HPRegen 0.10/turn               (no ring)
MPRegen 0.09/turn               (no ring)

@: lethally poisoned (0 -> -2)
A: high MP 1, forlorn, divine attributes, agile 1
a: no special abilities


You were on level 2 of the Dungeon.
You visited 1 branch of the dungeon, and saw 2 of its levels.

You collected 49 gold pieces.

Inventory:

Hand Weapons
 a - a +0 dagger
 b - a +0 short sword (weapon)
 d - a +0 hand axe
Armour
 e - a +0 helmet (worn)
 f - a +0 leather armour
 m - a +0 scale mail (worn)
Scrolls
 i - a scroll of immolation {unknown}
 k - 3 scrolls of identify {unknown}
 l - a scroll of amnesia {unknown}
 n - a scroll of enchant armour {unknown}
Potions
 h - a potion of cancellation {unknown}
 o - a potion of haste
 p - a potion of might {unknown}


   Skills:
 + Level 3.4 Fighting
 - Level 1.0 Axes
 - Level 1.7 Armour
 - Level 1.7 Dodging
 - Level 3.6 Stealth


You had 2 spell levels left.
You didn't know any spells.
Your spell library was empty.

Dungeon Overview and Level Annotations

Branches:
Dungeon (2/15)

Annotations:
D:1 Jessica


Innate Abilities, Weirdness & Mutations

You have an increased reservoir of magic. (+10% MP)
You shall have no god before yourself.
Your divine heritage dramatically boosts your attributes as you level up.
You are agile. (Dex +2)


Message History

The adder bites you but does no damage.
The goblin shoots a stone.
The stone hits you. The adder bites you.
You are poisoned.
The adder poisons you!
You hit the adder.
The adder is heavily wounded.
You feel sick.
The goblin shoots a stone.
The stone hits you. The adder bites you but does no damage.
You feel sick.
You feel sick. The adder bites you.
Throw: dart (atropa)
Press: ? - help, Q - select action, (/) - cycle Shift-Dir - straight line, f - adder
Aim: an adder (heavily wounded, 38% to hit, chance to blind on hit: 100%)
You throw an atropa-tipped dart.
The atropa-tipped dart closely misses the adder.
You feel sick.
You are no longer poisoned.
The adder closely misses you.
Throw: dart (datura)
Press: ? - help, Q - select action Shift-Dir - straight line, f/p - adder
Aim: an adder (heavily wounded, 38% to hit, chance to frenzy on hit: 100%)
You throw a datura-tipped dart. The datura-tipped dart hits the adder.
The adder flies into a frenzy!
The adder is heavily wounded.
The adder bites the goblin.
The goblin dies!
The adder bites you.
You are poisoned.
The adder poisons you!
You feel sick. The adder bites you.
* * * LOW HITPOINT WARNING * * *
You feel sick. The adder misses you.
You miss the adder.
The adder is heavily wounded.
You feel sick. The adder barely misses you.
The adder bites you but does no damage.
It was a potion of mutation.
You feel extremely strange.
You feel agile.
You feel sick. The adder barely misses you. The adder bites you.
You die...

# # ########## ##
#####......>.# ##.
#.S@.........# #..
#####.###........#
#.# #...(.#
####.##### #.#
#...).# #.# #..
.......##.# #.#
##.. .......
#..#####.#####
##... .......
##...........#
#..## ...(...
............# #.###
.######
#...........###.##.


You could see a neutral adder (fast, strong, insane).

Vanquished Creatures
  An adder (D:2)
  2 worms (D:2)
  3 dart slugs (D:1)
  3 ball pythons (D:1)
  4 endoplasms
  7 goblins
  3 hobgoblins
  4 kobolds
  A quokka (D:1)
  A bat (D:1)
  A frilled lizard (D:2)
  5 rats
35 creatures vanquished.

Vanquished Creatures (collateral kills)
  A goblin (D:2)
1 creature vanquished.

Vanquished Creatures (others)
  An endoplasm (D:1)
1 creature vanquished.

Grand Total: 37 creatures vanquished

Notes
Turn   | Place    | Note
-------+----------+-------------------------------------------
     0 | D:1      | enile the Demigod Wanderer began the quest for the Orb.
     0 | D:1      | enile set off with the following items: a +0 dagger, an
                  | atropa-tipped dart, a datura-tipped dart, a +0 hand axe, a
                  | +0 helmet, a +0 leather armour
     0 | D:1      | Reached XP level 1. HP: 16/16 MP: 3/3
   549 | D:1      | Reached XP level 2. HP: 13/24 MP: 4/4
  1556 | D:2      | Noticed Jessica
  1562 | D:2      | Reached XP level 3. HP: 29/30 MP: 5/5
  2737 | D:2      | Gained mutation: You are agile. (Dex +2) [potion of
                  | mutation]
  2737 | D:2      | Slain by an adder

Illustrated notes

Levels and vault maps discovered:
D:1:      psy_arrival_whirlpool, layout_basic, shapermc_ecumenical_altar_pompeii
D:2:      layout_rooms, chequers_arboretum, uniq_jessica

Skill      XL: |  1  2  3 |
---------------+----------+-----
Fighting       | 2 3 |  3.4
Axes           | |  1.0
Armour         | |  1.7
Dodging        | |  1.7
Stealth        | |  3.6

Action                   || total
-------------------------++-------
Melee: Short sword       ||   130
       Dagger            ||     9
Throw: Dart              ||     4
  Use: Scroll            ||     2
       Potion            ||     1
 Stab: Distracted        ||     1
       Sleeping          ||     5
Armor: Leather armour    ||    16
       Scale mail        ||    37
Dodge: Dodged            ||    65

Table legend: (Time is in decaauts)
 A = Elapsed time spent in this place.
 B = Non-inter-level travel time spent in this place.
 C = Inter-level travel time spent in this place.
 D = Time resting spent in this place.
 E = Time spent auto-exploring this place.
 F = Levels seen in this place.
 G = Mean time per level.
                   A        B        C        D        E       F      G
               +--------+--------+--------+--------+--------+-----+--------+
         Total |   2752 |   2661 |     91 |    436 |   1620 |   2 | 1376.0 |
       Dungeon |   2752 |   2661 |     91 |    436 |   1620 |   2 | 1376.0 |
               +--------+--------+--------+--------+--------+-----+--------+

Top non-repeatable levels by time:
     D:1: 1570 daAuts
     D:2: 1182 daAuts
